 Dungeon Crawl Stone Soup version 0.21-a0-163-g3aa3f5d (webtiles) character file.

443 namelastname112 the Skirmisher (level 6, 0/56 HPs)
             Began as a Draconian Wanderer on Aug 5, 2017.
             Slain by a centaur (7 damage)
             ... on level 4 of the Dungeon.
             The game lasted 00:04:15 (4196 turns).

namelastname112 the Skirmisher (Draconian Wanderer) Turns: 4196, Time: 00:04:16

Health: 0/56       AC:  7    Str: 15    XL:     6   Next: 71%
Magic:  9/9        EV: 13    Int: 13    God:
Gold:   85         SH:  0    Dex: 11    Spells: 9/9 levels left

rFire    . . .     SeeInvis .   a - +2 mace
rCold    + . .     Gourm    .   (no shield)
rNeg     . . .     Faith    .   (armour unavailable)
rPois    .         Spirit   .   (helmet restricted)
rElec    .         Reflect  .   s - +0 cloak
rCorr    .         Harm     +   (no gloves)
MR       .....                  (no boots)
Stlth    +.........             t - amulet of harm
HPRegen  0.18/turn              n - ring of protection from cold
MPRegen  0.11/turn              (no ring)

@: drained
A: unfitting armour, cold-blooded, AC +6
a: no special abilities


You were on level 4 of the Dungeon.
You were not hungry.

You visited 1 branch of the dungeon, and saw 4 of its levels.

You collected 85 gold pieces.

Inventory:

Hand Weapons
 a - a +2 mace (weapon)
 b - a +0 shortbow
Missiles
 c - 92 arrows
Armour
 s - a +0 cloak (worn)
Jewellery
 n - a ring of protection from cold (left hand)
 t - an amulet of harm (around neck)
 y - an uncursed ring of protection from cold
Wands
 w - a wand of scattershot (5/9)
Scrolls
 d - a scroll of fog {unknown}
 e - 3 scrolls of identify {unknown}
 g - 2 scrolls of blinking {unknown}
 h - 2 scrolls of magic mapping {unknown}
 k - 3 scrolls of teleportation {unknown}
 p - 4 scrolls of remove curse {unknown}
 q - a scroll of recharging {unknown}
 r - a scroll of amnesia {unknown}
Potions
 i - a potion of flight {unknown}
 l - a potion of curing
 m - 2 potions of agility {unknown}
 u - 2 potions of brilliance {unknown}
 x - 2 potions of ambrosia {unknown}
Comestibles
 f - 3 bread rations
 j - 2 royal jellies
 o - 3 fruits
 v - 5 chunks of flesh
 z - a meat ration


   Skills:
 + Level 5.0 Fighting
 + Level 4.8 Maces & Flails
 - Level 1.7 Throwing
 + Level 3.4 Dodging
 - Level 2.0(1.9) Spellcasting
   Level 1.0(0.9) Air Magic


You had 9 spell levels left.
You didn't know any spells.

Dungeon Overview and Level Annotations

Branches:
Dungeon (4/15)
 Temple: D:4-7

Altars:
Ashenzari
Elyvilon
Uskayaw
Zin

Shops:
D:4 [


Innate Abilities, Weirdness & Mutations

Your plain brown scales are hard. (AC +6)
You cannot fit into any form of body armour.
You are cold-blooded and may be slowed by cold attacks.


Message History

You are too injured to fight recklessly!
You are too injured to fight recklessly!
You are too injured to fight recklessly!
You are too injured to fight recklessly!
You are too injured to fight recklessly!
You are too injured to fight recklessly!
You are too injured to fight recklessly!
You are too injured to fight recklessly!
You sock the centaur!
The centaur is severely wounded.
The centaur misses you. The centaur hits you!
* * * LOW HITPOINT WARNING * * *
The leopard gecko closely misses you. The leopard gecko bites you.
* * * LOW HITPOINT WARNING * * *
The centaur barely misses you.
You take 12 damage, and have 7/56 hp.
MASSIVE DAMAGE!!
You hit the centaur.
The centaur is almost dead.
The centaur hits you.
You die...

###+ ... #.
####.####
#.###........
#..l....# ####
#.c@..# ....
##.###(#######.
### #..
#..(.....> ####
#..###.########
#... #......#
..## ....##.###
#..# . #)# #..#
#.# #..#
#)#######
##.#..#


You could see a centaur (berserk) and a leopard gecko.

Vanquished Creatures
  A scorpion (D:4)
  A hound (D:3)
  2 orc priests (D:3)
  A centaur skeleton (D:4)
  A worker ant (D:4)
  4 orc wizards
  5 adders
  3 worms
  A leopard gecko (D:3)
  20 orcs
  6 bats
  5 giant cockroaches
  6 hobgoblins
  9 jackals
  2 quokkas
  2 frilled lizards
  2 goblins
  8 kobolds
  6 rats
85 creatures vanquished.

Notes
Turn   | Place    | Note
-------+----------+-------------------------------------------
     0 | D:1      | namelastname112 the Draconian Wanderer began the quest for the Orb.
     0 | D:1      | namelastname112 set off with: a +2 mace, a +0 shortbow, 19 arrows, a potion of lignification, a bread ration
     0 | D:1      | Reached XP level 1. HP: 17/17 MP: 3/3
   145 | D:1      | Reached XP level 2. HP: 14/25 MP: 5/5
   192 | D:1      | Reached skill level 1 in Dodging
   743 | D:2      | Found a hide-covered altar of Uskayaw.
  1214 | D:2      | Reached skill level 3 in Fighting
  1214 | D:2      | Reached XP level 3. HP: 26/31 MP: 6/6
  1591 | D:3      | Found a white marble altar of Elyvilon.
  1749 | D:3      | Reached XP level 4. HP: 15/39 MP: 7/7
  2050 | D:3      | Reached XP level 5. HP: 45/46 MP: 8/8
  2067 | D:3      | Found a shattered altar of Ashenzari.
  2271 | D:3      | Reached skill level 4 in Fighting
  3108 | D:3      | Reached XP level 6. HP: 8/53 MP: 9/9
  3893 | D:4      | Found a glowing silver altar of Zin.
  3966 | D:4      | Found Qaesaqo's Antique Armour Shoppe.
  4042 | D:4      | Reached skill level 5 in Fighting
  4196 | D:4      | Slain by a centaur

Vault maps used:
D:1:      minmay_arrival_solitary_statue, minivault_14
D:2:      eat_drink_and_be_merry_uskayaw
D:3:      elyvilon_altar_1, nicolae_ashenzari_panopticon, serial_glass,
          glass_columns_a, glass_columns_a, item_on_display_a,
          hangedman_decor_diamond_cutter
D:4:      lemuel_doored_altar, kennysheep_mini, kennysheep_mini_moat,
          serial_shops, nicolae_shop_statue_plus, first_bread,
          grunt_ministairs_14, uniq_grinder, uniq_pikel

Skill      XL: |  1  2  3  4  5  6 |
---------------+-------------------+-----
Dodging        | 1 2 3 |  3.4
Fighting       | 3 4 5 |  5.0
Maces & Flails | 4 |  4.8
Throwing       | |  1.7
Spellcasting   | |  2.0
Air Magic      | |  1.0

Action                   |  1- 3 |  4- 6 || total
-------------------------+-------+-------++-------
Melee: Mace              |   107 |   160 ||   267
       Tailslap          |     8 |    18 ||    26
  Use: Potion            |     1 |     3 ||     4
 Stab: Sleeping          |     1 |       ||     1
  Eat: Chunk             |     3 |     3 ||     6
       Meat ration       |       |     1 ||     1
Armor: Skin              |    53 |    89 ||   142
Dodge: Dodged            |   100 |   126 ||   226
